 Dungeon Crawl Stone Soup version 0.18-a0-1343-g48c8f86 (webtiles) character file.

394 eljoo the Sneak (level 7, -5/46 HPs)
             Began as a Formicid Earth Elementalist on Feb 16, 2016.
             Killed themself with a badly aimed fireball (17 damage)
             ... on level 4 of the Dungeon.
             The game lasted 00:24:57 (4215 turns).

eljoo the Sneak (Formicid Earth Elementalist)       Turns: 4215, Time: 00:24:57

Health: -5/46      AC:  3    Str: 13    XL:     7   Next: 9%
Magic:  3/13       EV: 12    Int: 16    God:
Gold:   78         SH:  0    Dex: 14    Spells: 1 memorised, 14 levels left

rFire  . . .     SeeInvis +     o - -3 quarterstaff (curse)
rCold  . . .     Gourm    .     a - +0 robe
rNeg   . . .     Faith    .     (no shield)
rPois  .         Spirit   .     (helmet unavailable)
rElec  .         Dismiss  .     (no cloak)
rCorr  .         Reflect  .     i - +0 pair of gloves
SustAt .         Harm     +     (no boots)
MR     .....                    l - amulet of harm
Stlth  +++.......               (no ring)
                                j - +3 ring of dexterity

@: not resistant to hostile enchantments, fairly stealthy
A: permanent stasis, dig shafts and tunnels, four strong arms, antennae 3
a: Dig, Shaft Self


You were on level 4 of the Dungeon.
You were not hungry.

You visited 1 branch of the dungeon, and saw 4 of its levels.
You also visited: Sewer.

You collected 78 gold pieces.

Inventory:

Hand Weapons
 o - a cursed -3 quarterstaff (weapon)
Missiles
 b - 49 stones (quivered)
Armour
 a - a +0 robe (worn)
 i - a +0 pair of gloves (worn)
Jewellery
 j - a +3 ring of dexterity (left hand)
 l - an amulet of harm (around neck)
Wands
 t - a wand of random effects (32/48)
Scrolls
 g - 7 scrolls of identify
 q - 2 scrolls of magic mapping {unknown}
Potions
 e - a potion of haste
 f - a potion of lignification {unknown}
 m - a potion of invisibility {unknown}
 r - a potion of degeneration {unknown}
 s - a potion of curing {unknown}
 u - a potion of flight {unknown}
Books
 c - a book of Geomancy

   Spells                             Type                      Level
   a - Sandblast                      Earth                        1
   b - Passwall                       Transmutation/Earth          2
   c - Stone Arrow                    Conjuration/Earth            3
   d - Petrify                        Transmutation/Earth          4
   e - Lee's Rapid Deconstruction     Earth                        5
Comestibles
 d - 3 bread rations
 h - 12 fruits
 k - a meat ration
 n - 2 royal jellies
 p - 2 chunks of flesh


   Skills:
 - Level 1.9 Dodging
 * Level 5.7 Stealth
 * Level 4.5 Spellcasting
   Level 1.1 Transmutations
 + Level 5.5 Earth Magic


You had 14 spell levels left.
You knew the following spells:

 Your Spells              Type           Power        Failure   Level  Hunger
a - Sandblast             Erth           ###...       1%          1    None


Dungeon Overview and Level Annotations

Branches:
Dungeon (4/15)
 Temple: D:4-7

Altars:
Cheibriados
Dithmenos
Fedhas
Kikubaaqudgha
Makhleb
Qazlal

Annotations:
D:4 Grinder, Pikel


Innate Abilities, Weirdness & Mutations

You are under a permanent stasis effect.
You can dig through walls and to a lower floor.
Your four strong arms can wield two-handed weapons with a shield.
You have a pair of large antennae on your head (SInv).


Message History

The blast of sand hits the slave.
The slave is heavily wounded.
The slave barely misses you. The slave hits you.
Casting: Sandblast
Confirm with . or Enter, or press ? or * to list all spells.
Aiming: Sandblast
Press: ? - help, Shift-Dir - straight line, f/p - slave
Aim: a slave, wearing an animal skin (heavily wounded)
The blast of sand misses the slave.
The slave completely misses you. The slave hits you.
* * * LOW HITPOINT WARNING * * *
That item cannot be evoked!
Evoke which item? (* to show all) (? for menu, Esc to quit)
Zapping:
t - a wand of random effects (will waste charges)
Press: ? - help, Shift-Dir - straight line, f/p - slave
Aim: a slave, wearing an animal skin (heavily wounded)
The fireball explodes!
The fireball engulfs the slave.
The slave is severely wounded.
The fireball engulfs you!
You die...

############
#......p?p..
#.#########.
#######.#########.##
........p@ppK......#
#.###.#.#########..#
#.# #.......... #.#
###.####..# #.#
###.####.{ { #.#
#.........# #.#
#.#.#####.# #.#
#.#.# ###.###.#.#


You could see Pikel and 3 slaves.

Vanquished Creatures
  2 giant frogs (Sewer)
  A vampire bat (D:3)
  A worker ant (D:4)
  7 adders
  An adder skeleton (D:4)
  3 worms
  8 giant geckos
  9 orcs
  10 bats
  5 bat skeletons (D:3)
  A bat zombie (D:3)
  7 giant cockroaches
  11 goblins
  5 hobgoblins
  14 jackals
  3 kobolds
  8 ball pythons
  9 giant newts
  13 rats
118 creatures vanquished.

Notes
Turn   | Place    | Note
--------------------------------------------------------------
     0 | D:1      | eljoo the Formicid Earth Elementalist began the quest for the Orb.
     0 | D:1      | Reached XP level 1. HP: 13/13 MP: 3/3
   139 | D:1      | Reached skill level 4 in Earth Magic
   139 | D:1      | Reached XP level 2. HP: 19/19 MP: 0/5
   891 | D:1      | Reached XP level 3. HP: 21/24 MP: 4/6
  1142 | D:2      | Found a shadowy altar of Dithmenos.
  1372 | D:2      | Reached XP level 4. HP: 13/30 MP: 0/8
  1393 | D:2      | Found a snail-covered altar of Cheibriados.
  2061 | D:3      | Noticed a phantom
  2111 | D:3      | Reached XP level 5. HP: 30/35 MP: 1/10
  2148 | D:3      | Found a burning altar of Makhleb.
  2506 | D:3      | Found a glowing drain.
  2515 | Sewer    | Entered a sewer
  2787 | Sewer    | Noticed a giant frog
  2789 | Sewer    | Killed a giant frog
  2789 | Sewer    | Reached skill level 5 in Stealth
  2789 | Sewer    | Reached skill level 5 in Earth Magic
  2789 | Sewer    | Reached XP level 6. HP: 41/41 MP: 5/12
  3327 | D:3      | Found a stormy altar of Qazlal.
  3329 | D:3      | Found a blossoming altar of Fedhas.
  3862 | D:3      | Found an ancient bone altar of Kikubaaqudgha.
  3968 | D:4      | Noticed Grinder
  3977 | D:4      | Reached XP level 7. HP: 29/46 MP: 6/13
  4206 | D:4      | Noticed Pikel
  4215 | D:4      | Killed themself with a badly aimed fireball

Vault maps used:
D:1:      sevenhm_arrival_forest_fort_large_2
D:2:      grunt_dithmenos_smoke, lemuel_doored_altar
D:3:      grunt_temple_overflow_forces_of_nature, kennysheep_vampire_church,
          old_standard_altar, gup_sewer_entry_bubbles
D:4:      lightli_temple_of_fire, first_bread, uniq_robin, uniq_grinder,
          uniq_pikel
Sewer:    sewer_frog_island_01

Action                   |  1- 3 |  4- 6 |  7- 9 || total
-------------------------+-------+-------+-------++-------
Melee: Unarmed           |     7 |       |       ||     7
       Quarterstaff      |       |    21 |       ||    21
 Cast: Sandblast         |    78 |   180 |    22 ||   280
  Use: Scroll            |     2 |     3 |       ||     5
       Potion            |       |     1 |       ||     1
 Stab: Sleeping          |       |     1 |       ||     1
  Eat: Chunk             |     2 |     9 |     1 ||    12
